 Dungeon Crawl Stone Soup version 0.30.0-13-g156ef70053 (webtiles) character file.

Game seed: 17964085472372980585

9 browni3141 the Firebug (level 2, 19/19 HPs)
             Began as a Demonspawn Fire Elementalist on May 17, 2023.
             Got out of the dungeon alive.
             The game lasted 00:01:29 (433 turns).

browni3141 the Firebug (DsFE)                        Turns: 433, Time: 00:01:29

Health: 19/19      AC:  2    Str:  8    XL:     2   Next: 3%
Magic:  5/5        EV: 12    Int: 16    God:
Gold:   67         SH:  0    Dex: 13    Spells: 4/5 levels left

rFire   . . .        q - +0 quarterstaff
rCold   . . .        (shield currently unavailable)
rNeg    . . .        a - +0 robe
rPois   .            (no helmet)
rElec   .            (no cloak)
rCorr   .            (no gloves)
SInv    .            (no boots)
Will    .....        (no amulet)
Stlth   ++           (no ring)
HPRegen 0.23/turn    (no ring)
MPRegen 0.09/turn

%: no passive effects
@: no status effects
A: claws 1
a: no special abilities


You escaped.
You visited 1 branch of the dungeon, and saw 1 of its levels.

You collected 67 gold pieces.

Inventory:

Hand Weapons
 q - a +0 quarterstaff (weapon)
Armour
 a - a +0 robe (worn)
Scrolls
 o - 2 scrolls of teleportation {unknown}
 p - 2 scrolls of identify {unknown}
Potions
 m - a potion of magic
 n - a potion of experience {unknown}
 r - a potion of resistance {unknown}


   Skills:
 + Level 1.9 Dodging
 + Level 2.0 Stealth
 + Level 2.1 Spellcasting
 + Level 1.2 Conjurations
 + Level 2.8 Fire Magic


You had 4 spell levels left.
You knew the following spells:

 Your Spells              Type           Power      Damage    Failure   Level
z - Foxfire               Conj/Fire      32%        2x1d5     9%          1

Your spell library contained the following spells:

 Spells                   Type           Power      Damage    Failure   Level
 Scorch                   Fire           20%        2d5       10%         2
 Inner Flame              Hex/Fire       6%         N/A       34%         3
 Volatile Blastmotes      Fire/Tloc      12%        2d11      34%         3
 Flame Wave               Conj/Fire      8%         2d5       65%         4


Dungeon Overview and Level Annotations

Branches:
Dungeon (1/15)

Altars:


Innate Abilities, Weirdness & Mutations

You have sharp fingernails.


Message History

p - 2 scrolls labelled LYISTR ROKOGHEJ (gained 1)
You open the door.
There is an open door here.
You see here a +0 quarterstaff.
You open the door.
There is an open door here.
There is an open door here.
A bat comes into view.
A bat is nearby!
A bat is nearby!
A bat is nearby!
A bat is nearby!
A bat is nearby!
Found a stone staircase leading down.
You conjure some foxfire!
You conjure some foxfire!
The foxfire hits the bat.
You kill the bat!
You conjure some foxfire!
You are out of magic!
You are out of magic!
Your foxfire dissipates!
Your foxfire dissipates!
You see here a +0 quarterstaff.
q - a +0 quarterstaff (weapon)
Magic restored.
A hobgoblin comes into view.
A hobgoblin is nearby!
A hobgoblin is nearby!
A hobgoblin is nearby!
You conjure some foxfire!
You conjure some foxfire!
The foxfire hits the hobgoblin.
The hobgoblin is severely wounded.
You conjure some foxfire!
The foxfire hits the hobgoblin.
You kill the hobgoblin!
You are out of magic!
Your foxfire dissipates! x2
Your foxfire dissipates!
Your foxfire dissipates!
A frilled lizard comes into view.
A frilled lizard is nearby!
A frilled lizard is nearby!
You conjure some foxfire!
The frilled lizard hisses angrily.
You conjure some foxfire!
You conjure some foxfire!
The foxfire hits the frilled lizard.
You kill the frilled lizard!
Your foxfire dissipates! x2
o - 2 scrolls labelled LEUDIESALI (gained 1)
You now have 31 gold pieces (gained 17).
r - a bubbling black potion A quokka comes into view.
A quokka is nearby!
A quokka is nearby!
A quokka is nearby!
You conjure some foxfire!
The foxfire hits the quokka.
You kill the quokka!
You conjure some foxfire!
Your foxfire dissipates!
You see here a quokka corpse.
You now have 45 gold pieces (gained 14).
You now have 61 gold pieces (gained 16).
You now have 67 gold pieces (gained 6).
A dart slug comes into view.
The dart slug launches a dart at you. The slug dart hits you.
A dart slug is nearby!
A dart slug is nearby!
A dart slug is nearby!
You conjure some foxfire!
You conjure some foxfire!
The foxfire hits the dart slug.
The dart slug is heavily wounded.
You conjure some foxfire!
The foxfire hits the dart slug.
The dart slug is severely wounded.
The foxfire hits the dart slug.
You kill the dart slug!
Your foxfire dissipates! x2
HP restored.
A ball python comes into view.
A ball python is nearby!
A ball python is nearby!
You conjure some foxfire!
You conjure some foxfire!
The ball python hisses angrily.
The foxfire hits the ball python.
You kill the ball python!
Your Stealth skill increases to level 2!
You have reached level 2!
You feel monstrous as your demonic heritage exerts itself.
Your demonic ancestry asserts itself...
Your fingernails lengthen.
Your foxfire dissipates! x2
You see here a dart slug corpse.
There is an open door here.
You see here 5 stones.
There is a staircase leading out of the dungeon here.
Unknown command.
Unknown command.
Are you sure you want to leave the Dungeon?
This will make you lose the game!
You have escaped!

..#.#..# #...#~.≈#≈≈§#
.....>.# #..(#~.≈#§§§#
###.#.....#...#~.≈#§.§#
#.......#...#...#.[.#
#......##...........#
#########...........#
#...........#
#...........#
#.....@.....#
#........)..#
############# ## .# .#
.# .#


There were no monsters in sight!

Vanquished Creatures
  A dart slug (D:1)
  A ball python (D:1)
  A bat (D:1)
  A hobgoblin (D:1)
  A quokka (D:1)
  A frilled lizard (D:1)
6 creatures vanquished.

Vanquished Creatures (others)
  22 foxfires (D:1)
22 creatures vanquished.

Grand Total: 28 creatures vanquished

Notes
Turn   | Place    | Note
-------+----------+-------------------------------------------
     0 | D:1      | browni3141 the Demonspawn Fire Elementalist began the quest
                  | for the Orb.
     0 | D:1      | Reached XP level 1. HP: 13/13 MP: 3/3
   374 | D:1      | Discovered your monstrous ancestry.
   374 | D:1      | Gained mutation: You have sharp fingernails. [demonic
                  | ancestry]
   374 | D:1      | Reached XP level 2. HP: 19/19 MP: 1/5
   433 | D:$      | Got out of the dungeon alive.

Illustrated notes

Levels and vault maps discovered:
D:1:      lightli_arrival_quake, layout_loops_ring,
          ebering_dispersal_statue_hall

Skill      XL: |  1 |
---------------+----+-----
Stealth        | 2 |  2.0
Dodging        | |  1.9
Spellcasting   | |  2.1
Conjurations   | |  1.2
Fire Magic     | |  2.8

Action                     || total
---------------------------++-------
   Cast: Foxfire           ||    16
